 Dungeon Crawl Stone Soup version 0.28-a0-631-g0446da8ef9 (webtiles) character file.

Game seed: 16379990624321953618

147604 Johnny the Eclecticist (level 16, -19/132 (134) HPs)
             Began as a Purple Draconian Ice Elementalist on Oct 10, 2021.
             Was a High Priest of Sif Muna.
             Killed from afar by a crystal guardian (30 damage)
             ... with a crystal bolt
             ... in the Desolation of Salt.
             The game lasted 00:49:52 (35548 turns).

Johnny the Eclecticist (DrIE)                      Turns: 35548, Time: 00:49:52

HP:   -19/132 (134) AC: 17    Str: 14    XL:     16   Next: 92%
MP:   41/47         EV: 12    Int: 23    God:    Sif Muna [*****.]
Gold: 1458          SH:  7    Dex: 14    Spells: 32/52 levels left

rFire   + . .      SeeInvis .   r - staff of cold
rCold   . . .      Faith    .   u - +0 buckler
rNeg    . . .      Spirit   .   (armour unavailable)
rPois   .          Reflect  .   H - +2 hat {Will+}
rElec   +          Harm     +   O - scarf {harm}
rCorr   +          Rampage  +   v - +2 pair of gloves "Lyazaopok" {rElec rCorr Str+3 Int-4}
Will    ++++.                   Y - +2 pair of boots {rampage}
Stlth   +++.......              S - amulet of regeneration
HPRegen 1.32/turn               J - ring of Hoosifop {Fire *Corrode Will+ Int+7}
MPRegen 0.30/turn               M - ring of Nounn {MP+9 Stlth+}

@: about to teleport, studying 2 skills, lightly drained
A: breathe power, AC +9, unfitting armour, cold-blooded, frail 1
a: Breathe Dispelling Energy, Renounce Religion, Channel Magic, Forget Spell,
Divine Exegesis


You were in the Desolation of Salt.
You worshipped Sif Muna.
Sif Muna was extremely pleased with you.
You visited 4 branches of the dungeon, and saw 24 of its levels.
You also visited: Ossuary, Bailey, Gauntlet and Desolation.

You collected 2940 gold pieces.
You spent 1482 gold pieces at shops.

Inventory:

Hand Weapons
 b - the +9 hand axe of Midwinter {vamp, rF++ rC- rN+++}
   (You found it on level 12 of the Dungeon)

   It occasionally heals its wielder for a portion of the damage dealt when it
   wounds a living foe.
   rF:        It greatly protects you from fire.
   rC:        It makes you vulnerable to cold.
   rN:        It renders you almost immune to negative energy.
 e - the +3 dagger "Koassif" {speed, rC+ rN+ rCorr}
   (You found it on level 11 of the Dungeon)

   Attacks with this weapon are significantly faster.
   rC:        It protects you from cold.
   rN:        It protects you from negative energy.
   rCorr:     It protects you from acid and corrosion.
 B - a +3 demon blade of draining
Missiles
 F - 2 throwing nets
Armour
 d - a +0 cloak of willpower
 u - a +0 buckler (worn)
 v - the +2 pair of gloves "Lyazaopok" (worn) {rElec rCorr Str+3 Int-4}
   (You found it in a Gauntlet)

   Str:       It affects your strength (+3).
   Int:       It affects your intelligence (-4).
   rElec:     It insulates you from electricity.
   rCorr:     It protects you from acid and corrosion.
 H - a +2 hat of willpower (worn)
 O - a scarf of harm (worn)
 V - a +0 pair of gloves
 Y - a +2 pair of boots of rampaging (worn)
Magical Staves
 r - a staff of cold (weapon)
 I - a staff of air
Jewellery
 n - a +4 ring of protection
 p - an amulet of faith
 G - the amulet "Ydodi" {Spirit Harm}
   (You found it in the Desolation of Salt)

   [amulet of guardian spirit]

   It causes incoming damage to be divided between your reserves of health and
   magic.
   Harm:      It increases damage dealt and taken.
 J - the ring of Hoosifop (left hand) {Fire *Corrode Will+ Int+7}
   (You found it in the Desolation of Salt)

   [ring of fire]

   It enhances your fire magic.
   Int:       It affects your intelligence (+7).
   rF:        It protects you from fire.
   rC:        It makes you vulnerable to cold.
   *Corrode:  It may corrode you when you take damage.
   Will:      It increases your willpower.
 K - the amulet "Jisuyg" {RegenMP +Inv rF- Dex+10}
   (You acquired it on level 6 of the Dungeon)

   [amulet of magic regeneration]

   It increases your rate of magic regeneration.
   Dex:       It affects your dexterity (+10).
   rF:        It makes you vulnerable to fire.
   +Inv:      It lets you turn invisible.
 M - the ring of Nounn (right hand) {MP+9 Stlth+}
   (You found it in the Desolation of Salt)

   [ring of magical power]

   MP:        It affects your magic capacity (+9).
   Stlth:     It makes you more stealthy.
 S - an amulet of regeneration (around neck)
Wands
 U - a wand of iceblast (9)
 X - a wand of mindburst (8)
Scrolls
 a - 5 scrolls of noise
 c - 7 scrolls of fog
 f - 6 scrolls of fear
 g - 3 scrolls of blinking
 k - 4 scrolls of vulnerability
 m - 4 scrolls of silence
 o - 11 scrolls of teleportation
 s - 3 scrolls of holy word
 y - 2 scrolls of immolation
 E - a scroll of amnesia
 L - a scroll of enchant armour
 T - 2 scrolls of identify
Potions
 h - 15 potions of curing
 i - 12 potions of heal wounds
 j - 5 potions of berserk rage
 l - 8 potions of degeneration
 q - 2 potions of invisibility
 t - 6 potions of lignification
 w - 4 potions of attraction
 x - 2 potions of cancellation
 z - 8 potions of magic
 A - 6 potions of flight
 C - 4 potions of haste
 D - 3 potions of brilliance
 Q - 5 potions of mutation
 R - a potion of ambrosia
 Z - a potion of might


   Skills:
 + Level 15.3 Fighting
 - Level 1.7 Dodging
 - Level 1.7 Stealth
 - Level 11.0 Shields
 + Level 18.8 Spellcasting
 + Level 17.7 Ice Magic
 + Level 10.9 Air Magic
 - Level 5.4 Invocations


You had 32 spell levels left.
You knew the following spells:

 Your Spells              Type           Power      Damage    Failure   Level
a - Freeze                Ice            100%       1d11      0%          1
b - Frozen Ramparts       Ice            100%       1d12      0%          3
c - Ozocubu's Armour      Ice            100%       N/A       0%          3
d - Blink                 Tloc           N/A        N/A       3%          2
e - Ozocubu's Refrigerat  Ice            50%        4d15      1%          7
f - Hailstorm             Conj/Ice       76%        3d16      1%          4

Your spell library contained the following spells:

 Spells                   Type           Power      Damage    Failure   Level
 Shock                    Conj/Air       100%       1d9       1%          1
 Corpse Rot               Necr/Air       N/A        N/A       1%          2
 Ensorcelled Hibernation  Hex/Ice        100%       N/A       1%          2
 Poisonous Vapours        Pois/Air       92%        N/A       1%          2
 Static Discharge         Conj/Air       46%        N/A       1%          2
 Airstrike                Air            32%        N/A       1%          4
 Ice Form                 Ice/Tmut       76%        N/A       1%          4
 Summon Ice Beast         Ice/Summ       76%        N/A       1%          4
 Freezing Cloud           Conj/Ice/Air   39%        6-21      1%          5
 Metabolic Englaciation   Hex/Ice        38%        N/A       1%          5
 Magic Dart               Conj           84%        1d7       2%          1
 Sandblast                Erth           42%        2d11      2%          1
 Summon Small Mammal      Summ           84%        N/A       2%          1
 Summon Lightning Spire   Summ/Air       46%        N/A       2%          4
 Call Imp                 Summ           21%        N/A       3%          2
 Passwall                 Tmut/Erth      17%        N/A       3%          2
 Searing Ray              Conj           42%        2d6       3%          2
 Slow                     Hex            21%        N/A       3%          2
 Confusing Touch          Hex            21%        N/A       7%          3
 Inner Flame              Hex/Fire       32%        N/A       7%          3
 Lesser Beckoning         Tloc           21%        N/A       7%          3
 Spider Form              Tmut/Pois      10%        N/A       7%          3
 Stone Arrow              Conj/Erth      42%        3d9       7%          3
 Summon Guardian Golem    Hex/Summ       21%        N/A       7%          3
 Tukima's Dance           Hex            21%        N/A       7%          3
 Vampiric Draining        Necr           10%        2d7       7%          3
 Silence                  Hex/Air        23%        N/A       7%          5
 Simulacrum               Ice/Necr       38%        N/A       10%         6
 Cause Fear               Hex            10%        N/A       22%         4
 Flame Wave               Conj/Fire      32%        3d7       22%         4
 Leda's Liquefaction      Hex/Erth       10%        N/A       22%         4
 Olgreb's Toxic Radiance  Pois           21%        N/A       22%         4
 Passage of Golubria      Tloc           N/A        N/A       22%         4
 Sticky Flame             Conj/Fire      32%        2d5       22%         4
 Conjure Ball Lightning   Conj/Air       23%        3x3d6     36%         6
 Blade Hands              Tmut           10%        N/A       54%         5
 Excruciating Wounds      Necr           10%        N/A       54%         5
 Fireball                 Conj/Fire      16%        3d8       54%         5
 Irradiate                Conj/Tmut      10%        3d16      54%         5
 Iskenderun's Battlesphe  Conj           21%        2d7       54%         5
 Manifold Assault         Tloc           21%        N/A       54%         5
 Summon Mana Viper        Hex/Summ       21%        N/A       54%         5
 Yara's Violent Unravell  Hex/Tmut       10%        3d6       54%         5
 Maxwell's Capacitive Co  Air            32%        ∞         86%         8
 Polar Vortex             Ice            50%        N/A       86%         9
 Iron Shot                Conj/Erth      10%        9d3       98%         6
 Haunt                    Necr/Summ      10%        N/A       100%        7
 Spellforged Servitor     Conj/Summ      10%        N/A       100%        7
 Discord                  Hex            10%        N/A       100%        8
 Ignition                 Fire           16%        3d6       100%        8
 Lehudib's Crystal Spear  Conj/Erth      10%        10d4      100%        8
 Necromutation            Tmut/Necr      10%        N/A       100%        8
 Chain Lightning          Conj/Air       23%        3d30      100%        9
 Animate Armour           Summ/Erth      Unusable   N/A       N/A         4

Dungeon Overview and Level Annotations

Branches:
Dungeon (15/15)            Temple (0/1) D:5            Lair (6/6) D:8
  Swamp (0/4) Lair:3        Snake (0/4) Lair:2        Slime (0/5) Lair:5
    Orc (2/2) D:10            Elf (1/3) Orc:2        Vaults (0/5) D:14
Ossuary (visited)          Bailey (visited)         Desolation (1/1)
Gauntlet (visited)
 Depths: D:15

Altars:
Elyvilon
Gozag
Qazlal
Sif Muna
Trog
Vehumet
Yredelemnul
The Shining One
Beogh
Lugonu

Shops:
D:5 ?   D:6 ?(   D:13 [   Orc:1 ::*   Orc:2 [=[[


Innate Abilities, Weirdness & Mutations

You can breathe bolts of dispelling energy.
Your rich purple scales are hard. (AC +9)
You cannot fit into any form of body armour.
You are cold-blooded and may be slowed by cold attacks.
You are frail. (-10% HP)


Message History

You feel very cold.
The peacekeeper is frozen.
The peacekeeper resists.
The peacekeeper is heavily damaged.
Casting: Ozocubu's Refrigeration (dangerous; 1% risk of failure)
Confirm with . or Enter, or press ? or * to list all spells.
You feel a surge of power!
The heat is drained from your surroundings.
You feel very cold.
The peacekeeper is frozen.
The peacekeeper resists.
The peacekeeper is almost destroyed.
The peacekeeper bites you!
The peacekeeper claws you but does no damage.
You block the peacekeeper's attack. The peacekeeper closely misses you.
Casting: Ozocubu's Refrigeration (dangerous; 1% risk of failure)
Confirm with . or Enter, or press ? or * to list all spells.
You feel a surge of power!
The heat is drained from your surroundings.
You feel very cold.
The peacekeeper is frozen.
The peacekeeper resists.
You destroy the peacekeeper!
Sif Muna accepts your kill.
Search for what [Enter for "scro", or ? for help]? art You start resting.
You carefully extract the barbed spikes from your body.
You start resting.
HP restored.
You can drink potions again.
You start resting.
The crystal guardian fires a crystalline bolt at you.
The crystal bolt freezes you!!
The crystal guardian fires a crystalline bolt at you.
The crystal bolt burns you!! You resist.
As you read the scroll of teleportation, it crumbles to dust.
You feel strangely unstable.
The crystal guardian fires a crystalline bolt at you.
The crystal bolt freezes you!!
* * * LOW HITPOINT WARNING * * *
The crystal guardian fires a crystalline bolt at you.
The crystal bolt burns you!! You resist.
* * * LOW HITPOINT WARNING * * *
The crystal guardian fires a crystalline bolt at you.
The crystal bolt freezes you!!
You die...

#....§§.§§§..§§§§§§
#............§.§.§§
#.......§§.§.§§§§§.
#......9#§§§.§§§§§.
#.......§§§§§§§#§§§
#.........§§§§§§§.§
#..#......§§..§.§§.
#............§.§§.§
#.@...........§§§§.
#.............§§§§.
#.............§§§..
#.............§§...
###################
###################
###################
###################
###################


You could see a crystal guardian.

Vanquished Creatures
  Rupert (D:14)
  Gastronok (Lair:2)
  A deep elf sorcerer (Elf:1)
  3 imperial myrmidons (Desolation)
  An orc warlord (Orc:1)
  A halazid warlock (Desolation)
  A minotaur (Gauntlet)
  A deep elf death mage (Elf:1)
  A green death (Gauntlet)
  A ragged hierophant (Desolation)
  A fire dragon (D:15)
  6 servants of whispers (Desolation)
  6 peacekeepers (Desolation)
  2 boulder beetles
  2 catoblepae
  2 rakshasas (D:14)
  An ogre mage (D:11)
  15 hydras
  5 centaur warriors
  4 death yaks (Lair:5)
  7 two-headed ogres
  2 orc high priests
  3 tengu warriors
  5 deep elf knights
  A goliath frog (Lair:6)
  A wizard (D:12)
  3 deep elf archers
  7 ironbound convokers (Desolation)
  3 orc knights
  7 deep elf zephyrmancers (Elf:1)
  7 orc sorcerers (Orc:2)
  5 manticores
  2 oklob plants
  6 deep elf pyromancers
  7 ugly things
  7 cyclopes
  39 elephants
  Maurice (D:8)
  5 black mambas
  A guardian serpent (Desolation)
  2 gargoyles (D:11)
  A torpor snail (Lair:3)
  3 kobold demonologists
  6 komodo dragons
  20 cane toads
  4 unseen horrors
  Psyche (D:8)
  9 rime drakes
  6 tengu conjurers
  A rime drake (shapeshifter) (D:13)
  A jumping spider (shapeshifter) (D:15)
  12 trolls
  A hornet (shapeshifter) (D:14)
  A merfolk (Orc:1)
  4 tyrant leeches (Lair:6)
  3 polar bears
  43 saltlings (Desolation)
  Prince Ribbit (Lair:2)
  32 blink frogs
  12 slime creatures
  A hornet (D:9)
  2 vampires
  A centaur simulacrum (D:11)
  A water elemental (D:15)
  An air elemental (Elf:1)
  3 shadows
  Eustachio (D:5)
  10 wyverns
  16 humans (D:14)
  3 wraiths
  26 yaks
  11 basilisks
  8 vampire mosquitoes
  15 wargs
  2 nagas (Lair:2)
  4 acid dragons
  A hell hound (Lair:4)
  18 water moccasins
  25 orc warriors
  A black bear (Lair:5)
  An ice beast (D:7)
  2 sky beasts
  An ogre (shapeshifter) (Elf:1)
  5 ogres
  4 wolves
  3 necrophages
  8 centaurs
  3 kobold brigands (D:13)
  Blork the orc (D:4)
  20 bullfrogs
  2 scorpions (D:5)
  2 wyvern zombies
  A water moccasin zombie (D:5)
  A water moccasin skeleton (D:7)
  3 killer bees (D:9)
  6 wights
  6 electric eels
  6 howler monkeys
  A bullfrog zombie (D:6)
  4 centaur zombies
  7 jellies
  9 hounds
  2 bullfrog skeletons
  4 gnoll shamans
  10 orc priests
  A centaur skeleton (D:5)
  Crazy Yiuf (D:5)
  5 iguanas
  50 orc wizards
  A scorpion zombie (D:5)
  11 hell rats
  A hound skeleton (D:5)
  8 mummies (Ossuary)
  A howler monkey zombie (D:9)
  28 gnolls
  5 adders
  4 river rats (Lair:6)
  A white imp (D:7)
  An ufetubus (D:7)
  An adder skeleton (D:4)
  A worm (D:2)
  2 dart slugs
  81 orcs
  8 endoplasms
  3 giant cockroaches
  9 goblins
  21 hobgoblins
  7 jackals
  3 quokkas
  5 ball pythons
  6 bats
  8 frilled lizards
  2 gnoll zombies (Ossuary)
  2 hobgoblin zombies (Ossuary)
  19 kobolds
  3 kobold zombies (Ossuary)
  An orc zombie (Ossuary)
  15 rats
915 creatures vanquished.

Vanquished Creatures (others)
  A deep elf zephyrmancer (Elf:1)
  A polar bear (Lair:2)
  A water moccasin (Lair:2)
  A jelly (Gauntlet)
  22 demonic plants (Gauntlet)
  70 fungi
  140 plants
236 creatures vanquished.

Grand Total: 1151 creatures vanquished

Notes
Turn   | Place    | Note
-------+----------+-------------------------------------------
     0 | D:1      | Johnny the Draconian Ice Elementalist began the quest for
                  | the Orb.
     0 | D:1      | Reached XP level 1. HP: 14/14 MP: 3/3
   259 | D:1      | Reached XP level 2. HP: 22/22 MP: 5/5
   269 | D:1      | Reached skill level 1 in Fighting
   773 | D:1      | Reached XP level 3. HP: 28/28 MP: 6/6
  1589 | D:2      | Reached XP level 4. HP: 34/36 MP: 2/8
  2284 | D:3      | Reached skill level 3 in Spellcasting
  2710 | D:3      | Found a faded altar of an unknown god.
  2953 | D:4      | Learned a level 3 spell: Frozen Ramparts
  2957 | D:4      | Learned a level 3 spell: Ozocubu's Armour
  3208 | D:4      | Noticed Blork the orc
  3212 | D:4      | Killed Blork the orc
  3213 | D:4      | Reached skill level 5 in Ice Magic
  3213 | D:4      | Reached XP level 5. HP: 31/45 MP: 3/10
  3430 | D:4      | Noticed an ogre
  3444 | D:4      | Killed an ogre
  3445 | D:4      | Reached XP level 6. HP: 21/52 MP: 4/11
  3747 | D:4      | Reached skill level 4 in Spellcasting
  3978 | D:4      | Found a stormy altar of Qazlal.
  3983 | D:4      | Found a shimmering blue altar of Sif Muna.
  4149 | D:4      | Became a worshipper of Sif Muna the Loreminder
  4411 | D:5      | Entered Level 5 of the Dungeon
  4412 | D:5      | Noticed a sky beast
  4430 | D:5      | Reached skill level 1 in Shields
  4434 | D:5      | Killed a sky beast
  4435 | D:5      | Your scales start taking on a rich purple colour.
  4435 | D:5      | Reached skill level 5 in Spellcasting
  4435 | D:5      | Reached XP level 7. HP: 58/60 MP: 2/14
  4705 | D:5      | Reached skill level 5 in Fighting
  4782 | D:5      | Noticed Eustachio
  4800 | D:5      | Killed Eustachio
  4801 | D:5      | Reached skill level 6 in Spellcasting
  4801 | D:5      | Reached XP level 8. HP: 46/68 MP: 8/17
  4966 | D:5      | Found a runed translucent door.
  4967 | D:5      | Noticed Crazy Yiuf
  4996 | D:5      | Found a staircase to the Ecumenical Temple.
  5025 | D:5      | Noticed a two-headed ogre
  5279 | D:6      | Found Koriaruc's Weapon Emporium.
  5306 | D:6      | Learned a level 4 spell: Hailstorm
  5309 | D:6      | Learned a level 2 spell: Blink
  5310 | D:6      | Found Ulaos's Magic Scroll Shop.
  5318 | D:6      | Bought a scroll of identify for 20 gold pieces
  5318 | D:6      | Bought a scroll of identify for 20 gold pieces
  5318 | D:6      | Bought a scroll of teleportation for 30 gold pieces
  5330 | D:6      | Found a sand-covered staircase.
  5376 | Ossuary  | Entered an ossuary
  5458 | Ossuary  | Reached * piety under Sif Muna
  6562 | D:6      | Reached skill level 7 in Spellcasting
  7249 | D:7      | Identified the +4 helmet "Todough" {Fly rN+ Int-5 Dex+3}
  7257 | D:7      | Reached XP level 9. HP: 77/78 MP: 15/19
  7882 | D:7      | Reached skill level 5 in Shields
  8202 | D:7      | Noticed a two-headed ogre
  8219 | D:7      | Reached ** piety under Sif Muna
  8221 | D:7      | Killed a two-headed ogre
  8222 | D:7      | Reached skill level 8 in Spellcasting
  8668 | D:5      | Found Unoyt's Magic Scroll Boutique.
  8835 | D:5      | Bought a scroll of fear for 42 gold pieces
  8835 | D:5      | Bought a scroll of identify for 24 gold pieces
  8835 | D:5      | Bought a scroll of fog for 24 gold pieces
  8967 | D:5      | Killed a two-headed ogre
  8968 | D:5      | Reached XP level 10. HP: 59/88 MP: 7/22
  9278 | D:5      | Killed Crazy Yiuf
  9944 | D:8      | You fall into a shaft and drop 1 floor!
 10001 | D:9      | Found an opulent altar of Gozag.
 10063 | D:9      | Reached skill level 9 in Spellcasting
 10634 | D:8      | Found a staircase to the Lair.
 11345 | D:8      | Noticed Psyche
 11357 | D:8      | Killed Psyche
 12202 | D:8      | Noticed Maurice
 12209 | D:8      | Killed Maurice
 12695 | D:9      | Found a radiant altar of Vehumet.
 12804 | D:9      | Found a white marble altar of Elyvilon.
 13018 | D:9      | Found a basalt altar of Yredelemnul.
 13129 | D:10     | Entered Level 10 of the Dungeon
 13216 | Lair:1   | Entered Level 1 of the Lair of Beasts
 13216 | Lair:1   | Noticed an oklob plant
 13354 | Lair:1   | Reached skill level 10 in Spellcasting
 13354 | Lair:1   | Reached XP level 11. HP: 92/94 MP: 15/25
 13816 | Lair:1   | Reached skill level 10 in Ice Magic
 13819 | Lair:1   | Reached *** piety under Sif Muna
 13823 | Lair:1   | Reached skill level 10 in Fighting
 14791 | Lair:2   | Found a staircase to the Snake Pit.
 15315 | Lair:2   | Noticed Prince Ribbit
 15350 | Lair:2   | Reached skill level 11 in Spellcasting
 15474 | Lair:2   | Noticed Gastronok
 15498 | Lair:2   | Killed Gastronok
 15699 | Lair:2   | Killed Prince Ribbit
 15896 | Lair:3   | Noticed a five-headed hydra
 15908 | Lair:3   | Killed a five-headed hydra
 15919 | Lair:3   | Reached XP level 12. HP: 91/108 MP: 9/27
 16504 | Lair:3   | Found a staircase to the Swamp.
 17476 | Lair:4   | Noticed a seven-headed hydra
 17489 | Lair:4   | Killed a seven-headed hydra
 17490 | Lair:4   | Reached skill level 1 in Invocations
 17739 | Lair:4   | Reached skill level 10 in Shields
 17739 | Lair:4   | Reached skill level 12 in Spellcasting
 18674 | Lair:4   | Reached **** piety under Sif Muna
 18703 | Lair:4   | Noticed a seven-headed hydra
 18726 | Lair:4   | Killed a seven-headed hydra
 18746 | Lair:4   | Reached XP level 13. HP: 71/118 MP: 3/29
 19402 | Lair:5   | Found a gate leading to a gauntlet.
 19409 | Gauntlet | Entered a Gauntlet
 19409 | Gauntlet | Found a transporter.
 19409 | Gauntlet | Found a transporter.
 19409 | Gauntlet | Found a transporter.
 19502 | Gauntlet | Found a transporter.
 19505 | Gauntlet | Found a transporter.
 19512 | Gauntlet | Found a runed translucent door.
 19515 | Gauntlet | Found a transporter.
 19516 | Gauntlet | Found a transporter.
 19524 | Gauntlet | Found a transporter.
 19542 | Gauntlet | Found a transporter.
 19546 | Gauntlet | Noticed a green death
 19559 | Gauntlet | Found a transporter.
 19562 | Gauntlet | Found a transporter.
 19572 | Gauntlet | Found a transporter.
 19761 | Gauntlet | Reached skill level 5 in Invocations
 19822 | Gauntlet | Killed a green death
 19864 | Gauntlet | Identified the +2 pair of gloves "Lyazaopok" {rElec rCorr
                  | Str+3 Int-4}
 19948 | Gauntlet | Identified the +5 shortbow "Teggiagegi" {speed, rElec rPois
                  | Int-3}
 19948 | Gauntlet | Noticed a minotaur
 19958 | Gauntlet | Killed a minotaur
 20001 | Gauntlet | Got Xazoank's Reference Book on Fetching Companions
 20265 | Lair:5   | Reached skill level 13 in Spellcasting
 20274 | Lair:5   | Learned a level 7 spell: Ozocubu's Refrigeration
 20282 | Lair:5   | Reached ***** piety under Sif Muna
 20587 | Lair:5   | Received a gift from Sif Muna
 20827 | Lair:5   | Reached skill level 14 in Spellcasting
 21343 | Lair:5   | Found a staircase to the Slime Pits.
 21606 | Lair:6   | Entered Level 6 of the Lair of Beasts
 21644 | Lair:6   | Reached XP level 14. HP: 125/127 MP: 19/32
 21817 | Lair:6   | Gained mutation: You are frail. (-10% HP) [mutagenic glow]
 22462 | Lair:6   | Reached skill level 15 in Spellcasting
 22477 | Lair:6   | Identified the +7 rapier of the Poles {vorpal, rC+ Stlth+}
 22520 | Lair:6   | Received a gift from Sif Muna
 22659 | Lair:6   | Identified 2 scrolls of acquirement
 22662 | Lair:6   | Acquired the amulet "Avviniyhi" {Reflect rElec Will- Str+3
                  | SH+5 SInv}
 22666 | Lair:6   | Acquired the ring "Remiett" {Str+6 SInv}
 23394 | Lair:6   | Identified the +0 scale mail of Jafuis {+Inv rC+ Str-3}
 23878 | Lair:1   | Reached skill level 15 in Ice Magic
 24087 | D:10     | Found a staircase to the Orcish Mines.
 24096 | Orc:1    | Entered Level 1 of the Orcish Mines
 24097 | Orc:1    | Received a gift from Sif Muna
 24145 | Orc:1    | Got Sif Muna's Handbook of Air {god gift}
 24184 | Orc:1    | Noticed Fannar
 24187 | Orc:1    | Reached skill level 16 in Spellcasting
 24200 | Orc:1    | Noticed Fannar
 24200 | Orc:1    | Fannar changed into Fannar the merfolk
 24206 | Orc:1    | Killed Fannar the merfolk
 24241 | Orc:1    | Found Sanky's Assorted Antiques.
 24250 | Orc:1    | Bought a potion of curing for 99 gold pieces
 24250 | Orc:1    | Bought a potion of heal wounds for 165 gold pieces
 24250 | Orc:1    | Bought a scroll of vulnerability for 247 gold pieces
 24262 | Orc:1    | Found Keuc's Book Shop.
 24605 | Orc:1    | You fall into a shaft and drop 1 floor!
 24605 | Orc:2    | Entered Level 2 of the Orcish Mines
 24770 | Orc:2    | Found Camiaqu's Armour Boutique.
 24770 | Orc:2    | Found Xodeg's Jewellery Emporium.
 24772 | Orc:2    | Received a gift from Sif Muna
 24773 | Orc:2    | Got Sif Muna's Handbook of Ice and Flight {god gift}
 24927 | Orc:2    | Found Zouxzouf's Antique Armour Boutique.
 24927 | Orc:2    | Found Dudolliu's Armour Emporium.
 25158 | Orc:1    | Found Goeheog's Book Shop.
 25164 | Orc:1    | Noticed an orc warlord
 25170 | Orc:1    | Killed an orc warlord
 25925 | Orc:2    | Found a staircase to the Elven Halls.
 25999 | Orc:2    | Bought a +0 pair of boots of rampaging for 161 gold pieces
 26295 | D:10     | Reached XP level 15. HP: 120/120 MP: 35/35
 26582 | D:10     | Found a glowing golden altar of the Shining One.
 27260 | D:11     | Reached skill level 17 in Spellcasting
 27629 | D:11     | Identified the +3 dagger "Koassif" {speed, rC+ rN+ rCorr}
 27984 | D:11     | Received a gift from Sif Muna
 27988 | D:11     | Got Mipseokh's Almanac of Glacial Confrontation {god gift}
 28157 | D:12     | Found a flagged portal.
 28163 | D:12     | Identified the +9 hand axe of Midwinter {vamp, rF++ rC-
                  | rN+++}
 28167 | Bailey   | Entered a bailey
 28225 | Bailey   | Reached skill level 1 in Air Magic
 29331 | D:12     | Acquired a +0 hat of willpower
 29806 | D:12     | Found the +7 Kryia's mail coat {PotionHeal*2 rC+}
 30291 | D:13     | Received a gift from Sif Muna
 30292 | D:13     | Reached skill level 5 in Air Magic
 30548 | D:13     | Found a bloodstained altar of Trog.
 30818 | D:13     | You fall into a shaft and drop 2 floors!
 30818 | D:15     | Entered Level 15 of the Dungeon
 31083 | D:15     | Found a radiant altar of Vehumet.
 32001 | D:14     | Found a corrupted altar of Lugonu.
 32290 | D:14     | Reached XP level 16. HP: 130/130 MP: 31/37
 32290 | D:14     | Noticed Rupert
 32293 | D:14     | Killed Rupert
 32294 | D:14     | Reached skill level 18 in Spellcasting
 32294 | D:14     | Found a gate to the Vaults.
 33279 | D:13     | Found Ostrupeih's Antique Armour Boutique.
 33731 | D:6      | Bought a scroll of acquirement for 520 gold pieces
 33731 | D:6      | Bought a scroll of teleportation for 30 gold pieces
 33731 | D:6      | Bought a scroll of fear for 35 gold pieces
 33731 | D:6      | Bought a scroll of fear for 35 gold pieces
 33731 | D:6      | Bought a scroll of teleportation for 30 gold pieces
 33737 | D:6      | Acquired the amulet "Jisuyg" {RegenMP +Inv rF- Dex+10}
 33902 | Elf:1    | Entered Level 1 of the Elven Halls
 33942 | Elf:1    | Paralysed by an air elemental for 1 turns
 33990 | Elf:1    | Received a gift from Sif Muna
 33992 | Elf:1    | Got Sif Muna's Guide on Attacks {god gift}
 34118 | Elf:1    | Found a crumbling gateway.
 34127 | Desolati | Entered the Desolation of Salt
 34557 | Desolati | Reached skill level 10 in Air Magic
 34566 | Desolati | Got the Guide on Creative Stolen Souls
 34649 | Desolati | Found the +8 demon blade "Leech" {vamp, Harm Drain rN+}
 34666 | Desolati | Identified the amulet "Ydodi" {Spirit Harm}
 34703 | Desolati | Got the Compendium of Unstable Darkness
 34796 | Desolati | Identified the ring of Hoosifop {Fire *Corrode Will+ Int+7}
 34798 | Desolati | Identified the ring of Nounn {MP+9 Stlth+}
 34839 | Desolati | Reached skill level 15 in Fighting
 35402 | Desolati | Got Yrchibrae's Guide on Bewitchment
 35409 | Desolati | Got the Compendium of Feathers and Transformation
 35548 | Desolati | Killed from afar by a crystal guardian

Illustrated notes

Levels and vault maps discovered:
D:1:      lightli_arrival_statue_moat, layout_basic,
          corexii_item_surrounded_by_moat
D:2:      minmay_inner_zag, layout_rooms
D:3:      layout_loops_ring, hellmonk_ecumenical_altar_heavens_door,
          amcnicky_mini_pool_small, due_unseen_surprise
D:4:      layout_basic, mainiacjoe_overflow_big_doors, uniq_blork_the_orc
D:5:      cheibrodos_iron_armory, layout_rooms, temple_green, serial_shops,
          nicolae_inconvenience_store, minmay_diced_spiral,
          uniq_crazy_yiuf_cottage, uniq_eustachio
D:6:      layout_cave_pools, serial_shops, shop, nicolae_shop_statue_plus,
          lightli_ossuary_entry_decrepit_ruins, hangedman_decor_growths,
          small_statue_intersection, nrook_mini_vaults
D:7:      layout_loops_corners, minivault_27, kennysheep_dice
D:8:      layout_basic, erik_lair_island, uniq_psyche, uniq_maurice
D:9:      layout_basic, kennysheep_ying_yang, lemuel_coloured_pillars_altar,
          nicolae_gozag_cash_rules_everything_around_me, interstate_on_off
D:10:     layout_big_octagon, overflow_temple_1_default, orc_0_dummy
D:11:     cheibrodos_fzero, layout_rooms, nooodl_orcs_dogs
D:12:     minmay_box_of_statues, layout_gridville, enter_bailey_2, st_stairs_4
D:13:     layout_roguey, serial_shops, shop_fountains, trog_ov_bears_minmay
D:14:     layout_irregular_city, david_vaults_3, minmay_misc_feat_cross,
          grunt_ogre_cave, tgw_lugonu_bribe
D:15:     gammafunk_enter_depths_forms, layout_loops_ring, chequers_avenue,
          nicolae_water_bricks, grunt_ministairs_6, vehumet_crystals
Lair:1:   layout_small_grid, dpeg_stationary_puzzle, grunt_megastairs_2,
          serial_bayou_shore_a
Lair:2:   layout_loops_ring, guppyfry_snake_entry_garden, uniq_gastronok,
          uniq_prince_ribbit2
Lair:3:   layout_cave_pods, swamp_mist, lemuel_fruit_fields
Lair:4:   layout_roguey [special_room_mythical_zoo], lemuel_another_geyser
Lair:5:   layout_regular_city, minmay_slime_entry_pillars,
          gauntlet_entry_generic, minmay_stone_trees_medium
Lair:6:   minmay_lair_end_frog_pond, layout_gridlike, kennysheep_abandoned_house
Orc:1:    cheibrodos_orc_guarddog, layout_caves, serial_shops, shop, shop, shop,
          uniq_fannar
Orc:2:    st_orc_town, layout_diamond_mine
Elf:1:    elf_arrival_001, layout_gridlike,
          portal_desolation_entry_nicolae_slug, kennysheep_underground_church
Desolation

Skill      XL: |  1  2  3  4  5  6  7  8  9 10 11 12 13 14 15 16 |
---------------+-------------------------------------------------+-----
Fighting       | 1 2 3 4 5 6 8 9 10 12 13 15 | 15.3
Spellcasting   | 3 5 6 7 8 10 11 12 14 16 17 18 | 18.8
Ice Magic      | 5 6 7 8 9 10 11 13 15 16 17 | 17.7
Shields        | 1 3 4 6 7 9 10 11 | 11.0
Invocations    | 4 5 |  5.4
Air Magic      | 7 10 | 10.9
Dodging        | |  1.7
Stealth        | |  1.7

Action                   |  1- 3 |  4- 6 |  7- 9 | 10-12 | 13-15 | 16-18 || total
-------------------------+-------+-------+-------+-------+-------+-------++-------
Melee: Short sword       |   102 |    53 |       |       |       |       ||   155
       Tailslap          |    12 |    11 |    46 |    27 |    33 |       ||   129
       Unarmed           |     3 |       |       |       |       |       ||     3
       Staff             |       |    76 |   125 |   195 |   182 |     5 ||   583
       Spear             |       |       |   153 |    13 |       |       ||   166
       Trident           |       |       |    11 |       |       |       ||    11
 Cast: Freeze            |    30 |    24 |    27 |   203 |   136 |       ||   420
       Frozen Ramparts   |       |     4 |    26 |    70 |    18 |       ||   118
       Ozocubu's Armour  |       |     2 |    11 |    24 |    11 |     2 ||    50
       Hailstorm         |       |       |     5 |    16 |     5 |     7 ||    33
       Ozocubu's Refrige |       |       |       |       |   273 |    85 ||   358
       Blink             |       |       |       |       |     4 |     6 ||    10
Invok: Channel Magic     |       |       |       |       |    12 |     7 ||    19
 Abil: Breathe Dispellin |       |       |     2 |     6 |     1 |       ||     9
Evoke: Wand              |       |       |       |    14 |    33 |       ||    47
  Use: Scroll            |       |       |    10 |     8 |    17 |     6 ||    41
       Potion            |       |       |       |     2 |     1 |       ||     3
 Stab: Sleeping          |     4 |     7 |       |     1 |     2 |       ||    14
       Distracted        |       |       |       |     1 |       |       ||     1
       Paralysed         |       |       |       |     5 |     4 |       ||     9
Armor: Skin              |    53 |    62 |   139 |   327 |   393 |    27 ||  1001
Dodge: Dodged            |   100 |   103 |   218 |   313 |   355 |    18 ||  1107
Block: Buckler           |       |       |       |   121 |   222 |     8 ||   351

Table legend: (Time is in decaauts)
 A = Elapsed time spent in this place.
 B = Non-inter-level travel time spent in this place.
 C = Inter-level travel time spent in this place.
 D = Time resting spent in this place.
 E = Time spent auto-exploring this place.
 F = Levels seen in this place.
 G = Mean time per level.
                   A        B        C        D        E       F      G
               +--------+--------+--------+--------+--------+-----+--------+
         Total |  35775 |  34661 |   1114 |   8390 |  20076 |  28 | 1277.7 |
       Dungeon |  20024 |  19174 |    850 |   3580 |  12675 |  15 | 1334.9 |
          Lair |  10087 |   9894 |    193 |   3141 |   5078 |   6 | 1681.2 |
  Orcish Mines |   2206 |   2136 |     70 |    425 |   1265 |   2 | 1103.0 |
   Elven Halls |    224 |    224 |      0 |      0 |      0 |   1 |  224.0 |
       Ossuary |    803 |    803 |      0 |    172 |    433 |   1 |  803.0 |
        Bailey |    332 |    332 |      0 |      7 |    227 |   1 |  332.0 |
    Desolation |   1419 |   1419 |      0 |    857 |    131 |   1 | 1419.0 |
      Gauntlet |    676 |    676 |      0 |    208 |    266 |   1 |  676.0 |
               +--------+--------+--------+--------+--------+-----+--------+

Top non-repeatable levels by time:
     D:8: 2438 daAuts
  Lair:4: 1985 daAuts
  Lair:6: 1931 daAuts
  Lair:5: 1876 daAuts
    D:12: 1774 daAuts
  Lair:1: 1622 daAuts
  Lair:3: 1560 daAuts
     D:6: 1524 daAuts
     D:4: 1515 daAuts
     D:9: 1478 daAuts
     D:7: 1436 daAuts
Desolation: 1419 daAuts
     D:5: 1415 daAuts
    D:14: 1215 daAuts
   Orc:2: 1190 daAuts
